Map: [ESL] Altitude

Players

Gerald

  • Race: Protoss Protoss
  • Spawn Location: 1:00

Spirit - Winner!

  • Race: Terran Terran
  • Spawn Location: 7:00

Event: ESL SC2 Masters 2023 Summer (Regionals)

VOD

Have the link to the VOD?

Description

Time

  • Played on: May 12, 2023, 11:56 a.m.
  • Length: 11:45

All games in this series

Show
View Real Time Build Order
Export as new Build Order

Gerald Protoss 

Build Orders: 1 Gate Expand, Phoenix Opening 

Get SALT Encoding   

  12  0:00  Probe  
  13  0:12  Probe  
  14  0:17  Pylon  
  14  0:24  Probe (Chrono Boost)  
  16  0:37  Probe (Chrono Boost)  
  16  0:38  Gateway  
  16  0:43  Probe (Chrono Boost)  
  16  0:46  Assimilator  
  17  0:51  Probe  
  18  1:03  Probe  
  19  1:16  Probe  
  20  1:25  Cybernetics Core  
  20  1:33  Nexus  
  20  1:38  Assimilator  
  20  1:45  Pylon  
  20  1:48  Probe  
  21  2:00  Probe, Adept (Chrono Boost)  
  24  2:12  Probe  
  25  2:19  Stargate  
  25  2:21  Adept (Chrono Boost)  
  25  2:24  Probe  
  28  2:30  Shield Battery  
  28  2:32  Warp Gate  
  28  2:36  Probe  
  29  2:43  Adept  
  29  2:47  Probe  
  29  2:48  Probe  
  33  2:59  Probe  
  33  3:00  Probe  
  33  3:04  Assimilator  
  33  3:05  Phoenix (Chrono Boost)  
  35  3:12  Probe  
  38  3:16  Probe  
  39  3:24  Probe  
  40  3:28  Probe  
  40  3:32  Twilight Council  
  41  3:36  Probe  
  41  3:40  Probe, Gateway  
  43  3:48  Probe  
  44  3:53  Probe  
  46  4:01  Pylon  
  46  4:04  Probe  
  46  4:05  Probe, Blink (Chrono Boost)  
  46  4:08  Gateway  
  46  4:19  Probe  
  46  4:23  Probe  
  48  4:27  Nexus  
  48  4:32  Pylon  
  48  4:36  Probe x2  
  50  4:39  Pylon  
  50  4:44  Stalker  
  52  4:47  Stalker  
  54  4:53  Oracle (Chrono Boost)  
  54  4:54  Probe  
  54  4:57  Probe  
  59  5:04  Stalker  
  59  5:06  Probe  
  62  5:09  Probe  
  62  5:18  Probe  
  62  5:21  Probe, Pylon  
  64  5:25  Stalker  
  66  5:30  Probe  
  66  5:33  Probe, Forge  
  68  5:37  Forge  
  68  5:41  Probe  
  70  5:42  Probe  
  70  5:48  Stalker x2  
  74  5:50  Probe  
  74  5:52  Charge  
  74  5:55  Probe x2  
  77  6:01  Shield Battery  
  77  6:02  Probe  
  78  6:07  Probe, Protoss Ground Weapons Level 1 (Chrono Boost)  
  78  6:10  Protoss Ground Armor Level 1 (Chrono Boost)  
  78  6:11  Templar Archives  
  79  6:12  Probe  
  79  6:14  Probe  
  81  6:18  Pylon  
  81  6:19  Probe  
  81  6:21  Gateway  
  80  6:37  Probe, Stalker x2  
  80  6:38  Stalker  
  87  6:44  Gateway  
  87  6:46  Gateway  
  87  6:47  Pylon  
  87  6:48  Pylon  
  87  6:52  Probe  
  88  6:55  Shield Battery  
  88  6:57  Assimilator  
  88  6:58  Probe  
  89  7:03  Zealot x3  
  89  7:06  Pylon  
  89  7:08  Psionic Storm  
  95  7:11  Gateway  
  95  7:12  Gateway  
  95  7:17  Zealot  
  88  7:23  Probe  
  88  7:25  Zealot x3  
  88  7:26  Pylon  
  87  7:39  Zealot x2  
  80  7:45  Zealot x4  
  80  7:46  Probe  
  80  7:49  Probe  
  80  7:51  Probe, Protoss Ground Weapons Level 2 (Chrono Boost), Protoss Ground Armor Level 2 (Chrono Boost)  
  87  8:03  Nexus  
  87  8:04  Zealot x2  
  87  8:05  Zealot, Stalker  
  83  8:06  Probe  
  74  8:13  Probe  
  74  8:15  Zealot x3  
  73  8:26  Stalker x3  
  78  8:32  Zealot  
  77  8:36  Probe  
  77  8:41  Photon Cannon  
  77  8:43  High Templar  
  77  8:44  High Templar x2  
  77  8:48  Archon  
  80  8:51  High Templar  
  80  8:52  Zealot x3  
  80  8:54  Shield Battery  
  87  9:03  Pylon  
  87  9:04  Pylon  
  79  9:12  Zealot  
  79  9:13  Zealot x2  
  71  9:19  Zealot x3  
  75  9:29  Stalker  
  73  9:33  Stalker x2  
  73  9:34  Stalker x2  
  73  9:38  Probe  
  74  9:40  Photon Cannon  
  74  9:43  Zealot x2  
  74  9:45  Zealot  
  76  9:52  Zealot  
  68  9:57  Zealot x3  
  64  10:02  Stalker  
  64  10:06  Stalker x2  
  64  10:14  Zealot x2  
  54  10:15  Probe  
  54  10:16  Probe  
  50  10:22  Probe  
  50  10:27  Stalker x2  
  52  10:28  High Templar  
  52  10:32  High Templar x2  
  58  10:39  High Templar  
  60  10:48  Stalker x2  
  64  10:55  Stalker x2  
  66  11:06  Stalker  
  66  11:07  Stalker  
  68  11:12  Archon x2  
  68  11:13  Zealot x2  
  72  11:23  Zealot x2  
Show
View Real Time Build Order
Export as new Build Order

Spirit Terran - Winner!

Build Orders: Reaper Expand 

Get SALT Encoding   

  12  0:00  SCV  
  13  0:12  SCV  
  14  0:17  Supply Depot  
  14  0:24  SCV  
  15  0:39  SCV  
  15  0:40  Barracks  
  16  0:46  Refinery  
  16  0:51  SCV  
  17  1:03  SCV  
  18  1:15  SCV  
  19  1:29  Orbital Command, Reaper  
  20  1:40  Command Center  
  20  1:48  Supply Depot  
  20  1:54  SCV  
  20  2:00  Marine  
  22  2:07  SCV  
  23  2:10  Factory  
  23  2:14  Bunker  
  23  2:19  SCV  
  24  2:23  Refinery  
  24  2:25  Barracks Reactor  
  24  2:32  SCV  
  25  2:44  SCV  
  26  2:52  Orbital Command  
  26  2:54  Hellion  
  26  2:55  Starport  
  26  2:58  SCV  
  29  3:03  Marine x2  
  31  3:10  SCV  
  32  3:18  Widow Mine  
  34  3:20  SCV  
  34  3:22  Marine x2, SCV  
  38  3:32  SCV, Medivac  
  41  3:34  Supply Depot  
  41  3:37  SCV  
  41  3:39  Widow Mine  
  44  3:41  Marine  
  44  3:44  SCV  
  46  3:52  Barracks  
  46  3:54  SCV  
  45  3:57  SCV  
  45  4:04  Viking, Factory Tech Lab  
  45  4:06  SCV  
  45  4:09  SCV  
  49  4:11  Barracks, Supply Depot  
  49  4:16  Engineering Bay  
  49  4:17  Marine  
  49  4:18  Marine, SCV  
  49  4:22  SCV  
  53  4:31  SCV  
  54  4:33  Cyclone  
  54  4:34  SCV  
  54  4:37  Marine  
  59  4:43  SCV  
  59  4:44  Barracks Tech Lab  
  59  4:45  Missile Turret  
  60  4:46  Missile Turret  
  60  4:48  Refinery x2  
  60  4:49  Marine  
  62  4:55  Supply Depot  
  61  5:00  SCV  
  62  5:12  SCV x2  
  62  5:13  Stimpack, Marine  
  61  5:14  Barracks Tech Lab  
  61  5:16  Siege Tank  
  61  5:19  Supply Depot  
  62  5:21  Terran Infantry Weapons Level 1  
  62  5:24  SCV  
  62  5:25  SCV  
  64  5:32  Combat Shield  
  64  5:33  Starport Reactor  
  64  5:34  Marine, Marauder x2  
  69  5:36  SCV  
  69  5:41  SCV  
  71  5:44  Supply Depot  
  71  5:47  Supply Depot  
  71  5:48  Marine, Siege Tank  
  75  5:51  Marine  
  78  5:57  Marauder  
  78  6:06  Marauder  
  78  6:08  Supply Depot  
  78  6:10  Medivac x2  
  84  6:13  Supply Depot  
  84  6:15  Marine x2  
  86  6:20  Command Center  
  85  6:26  Marauder  
  85  6:27  Marine  
  85  6:28  Factory Reactor  
  85  6:32  Marine x2  
  88  6:39  SCV  
  90  6:42  Barracks  
  90  6:43  Barracks  
  90  6:45  Marauder  
  90  6:46  Marine  
  92  6:47  SCV  
  92  6:50  Marine x2, Supply Depot  
  92  6:53  Medivac  
  98  6:58  SCV  
  98  6:59  Armory  
  97  7:04  SCV  
  97  7:05  Widow Mine x2, Marauder  
  97  7:06  Marine  
  97  7:08  Marine  
  105  7:10  SCV  
  105  7:15  Medivac  
  109  7:16  SCV  
  109  7:18  Marine  
  111  7:22  SCV  
  111  7:23  Medivac  
  111  7:24  Marauder  
  111  7:26  Marine x2  
  118  7:30  SCV  
  118  7:31  Marine  
  118  7:34  SCV  
  118  7:36  Marine  
  116  7:39  Marine  
  116  7:40  Widow Mine x2  
  116  7:43  Orbital Command  
  114  7:44  Medivac  
  114  7:47  SCV  
  114  7:50  Barracks Reactor  
  117  7:53  Medivac  
  117  7:55  SCV  
  117  7:57  Marine  
  121  8:01  Widow Mine  
  121  8:02  Widow Mine  
  121  8:03  Marine  
  115  8:06  SCV  
  115  8:09  Marauder  
  115  8:10  Marine  
  113  8:15  Marine, Marauder  
  113  8:17  Orbital Command  
  113  8:19  SCV  
  114  8:21  Marine  
  114  8:23  Widow Mine x2, SCV  
  120  8:28  Marine x2  
  120  8:29  Marine  
  120  8:30  Marine  
  120  8:31  SCV  
  118  8:34  Marine  
  118  8:35  SCV  
  118  8:39  Terran Infantry Weapons Level 2  
  119  8:41  Liberator  
  119  8:44  Marine, Marauder  
  119  8:46  Marine  
  119  8:47  Marauder  
  119  8:48  Widow Mine  
  128  8:49  Marine  
  128  8:51  Marine  
  128  8:52  Marine  
  131  9:01  Marine  
  132  9:04  Marine  
  132  9:05  Marauder  
  132  9:07  Marine  
  132  9:08  Marine  
  137  9:10  Marauder, Supply Depot, Marine  
  137  9:12  Ghost Academy, Supply Depot  
  137  9:15  Widow Mine x2  
  137  9:19  Marine  
  137  9:22  Marine  
  138  9:24  Marine  
  138  9:26  Marine, Command Center  
  138  9:27  Marauder  
  138  9:28  Marine  
  138  9:29  Liberator  
  140  9:37  Marine  
  140  9:38  Marine  
  129  9:39  Liberator  
  129  9:40  Marine  
  129  9:43  Marine  
  129  9:44  Marauder  
  132  9:46  Marine  
  132  9:48  Marauder  
  129  9:54  Ghost  
  129  9:55  Marine  
  129  9:58  Marine  
  130  10:01  Marine  
  130  10:03  Marine  
  130  10:04  Ghost  
  128  10:07  Refinery  
  128  10:09  Refinery  
  128  10:10  Marauder  
  128  10:12  Engineering Bay, Medivac, SCV  
  128  10:13  Marine  
  132  10:16  Marine  
  132  10:19  Widow Mine, Marine  
  132  10:20  SCV  
  135  10:21  Marine  
  135  10:22  Medivac  
  135  10:23  Marine  
  138  10:30  SCV x2, Marine  
  138  10:31  Marine  
  138  10:32  SCV  
  138  10:33  Marine  
  138  10:34  Marine  
  145  10:37  Marine  
  145  10:39  Marine  
  145  10:41  Marine  
  145  10:42  SCV x2  
  150  10:48  Marine  
  150  10:49  Fusion Core, Marine  
  152  10:50  Starport, SCV  
  152  10:51  Marine x2  
  152  10:54  SCV  
  152  10:55  Marine  
  152  10:56  Medivac x2  
  158  10:59  Marauder  
  158  11:00  Missile Turret  
  160  11:05  Marine  
  160  11:07  Marauder  
  160  11:09  Marauder  
  163  11:15  Marine  
  164  11:20  Marauder  
  164  11:24  Marine  
  164  11:25  Marine  
  151  11:31  Missile Turret  
  151  11:32  Refinery  
  146  11:33  Sensor Tower, Refinery  
Tags
 
Add a new tag
Caveats
  • Supply blocks, unpowered buildings, or Contaminate may cause inaccurate times.
  • Supply counts are checked every 10 seconds.